[ PARTIDA AOE2 · #513830628 ]
UnrankedBúlgaros vs Japanese
Equipo del jugador · VICT
Equipo rival · DERR
[ ANÁLISIS DE REPETICIÓN · EXTRAÍDO DE LA PARTIDA GRABADA ]
Feudal
11:13
Castillos
29:32
Imperial
—
| APM promedio | 25.9 |
| APM pico | 46 |
| eAPM promedio | 16.6 |
| Aldeanos / militares | 43 / 70 |
Foco
⚔️ 40.9% · 🌾 59.1%
Militia ×70
Feudal
11:00
Castillos
—
Imperial
—
| APM promedio | 31.0 |
| APM pico | 56 |
| eAPM promedio | 14.5 |
| Aldeanos / militares | 40 / 37 |
Foco
⚔️ 29.1% · 🌾 70.9%
Militia ×37
Mapa de la partida
Recursos iniciales + cada clic de construcción. Líneas = muros · curvas = relieve. ◆ oro · ⬟ piedra · ● bayas · ✦ reliquia · ◌ hueco del cierre
Tu base· ✓ Cerrada en 29:32 · 11t muro · 2 puerta(s)
Base de LordPoseidón· Abierta — flanco sin cerrar
Terreno inicial suavizado · ◌ = hueco del cierre detectado · pasá el cursor para detalles
Inputs por minuto
— Ares - - LordPoseidón
Build order — Ares
Primeras 150 de 196 acciones detectadas
| 0:01 | Encolar | Villager (Male) |
| 0:01 | Encolar | Villager (Male) |
| 0:01 | Encolar | Villager (Male) |
| 0:02 | Construir | House |
| 0:04 | Construir | House |
| 0:11 | Encolar | Villager (Male) |
| 0:12 | Investigar | Loom |
| 0:43 | Encolar | Villager (Male) |
| 0:43 | Encolar | Villager (Male) |
| 1:46 | Encolar | Villager (Male) |
| 2:26 | Encolar | Villager (Male) |
| 2:27 | Encolar | Villager (Male) |
| 2:39 | Encolar | Villager (Male) |
| 3:11 | Construir | Lumber Camp |
| 3:25 | Construir | House |
| 3:27 | Construir | House |
| 3:56 | Encolar | Villager (Male) |
| 3:57 | Encolar | Villager (Male) |
| 3:57 | Encolar | Villager (Male) |
| 4:28 | Encolar | Villager (Male) |
| 4:28 | Encolar | Villager (Male) |
| 5:40 | Encolar | Villager (Male) |
| 5:45 | Construir | Mill |
| 5:51 | Encolar | Villager (Male) |
| 6:23 | Encolar | Villager (Male) |
| 7:45 | Encolar | Villager (Male) |
| 7:48 | Encolar | Villager (Male) |
| 8:31 | Construir | Mill |
| 8:38 | Encolar | Villager (Male) |
| 8:47 | Investigar | Feudal Age |
| 9:41 | Construir | Mining Camp |
| 10:00 | Construir | Mining Camp |
| 10:03 | Construir | Palisade Wall |
| 10:15 | Construir | House |
| 10:32 | Construir | Palisade Wall |
| 10:33 | Construir | Palisade Gate |
| 10:39 | Encolar | Villager (Male) |
| 11:00 | Encolar | Villager (Male) |
| 11:07 | Construir | Barracks |
| 11:13 | Edad | Edad Feudal |
| 11:15 | Construir | Palisade Wall |
| 11:22 | Encolar | Villager (Male) |
| 11:39 | Investigar | Double-Bit Axe |
| 11:43 | Investigar | Horse Collar |
| 11:48 | Encolar | Militia |
| 11:48 | Encolar | Militia |
| 12:40 | Encolar | Villager (Male) |
| 12:48 | Construir | Farm |
| 12:49 | Construir | Farm |
| 12:50 | Construir | Farm |
| 12:52 | Construir | Farm |
| 12:58 | Construir | Farm |
| 13:15 | Construir | Lumber Camp |
| 13:17 | Encolar | Villager (Male) |
| 13:23 | Construir | Farm |
| 13:35 | Construir | House |
| 13:40 | Construir | House |
| 13:57 | Construir | Farm |
| 14:05 | Encolar | Villager (Male) |
| 14:14 | Construir | Farm |
| 14:27 | Construir | Watch Tower |
| 14:43 | Encolar | Villager (Male) |
| 14:47 | Construir | Farm |
| 14:49 | Construir | Farm |
| 15:00 | Construir | Farm |
| 15:05 | Encolar | Villager (Male) |
| 15:10 | Encolar | Militia |
| 15:31 | Construir | Farm |
| 15:42 | Construir | House |
| 16:04 | Construir | Blacksmith |
| 16:13 | Encolar | Militia |
| 16:13 | Encolar | Militia |
| 16:32 | Construir | Farm |
| 16:33 | Construir | Farm |
| 17:00 | Construir | Farm |
| 17:01 | Investigar | Scale Mail Armor |
| 17:02 | Investigar | Forging |
| 17:08 | Encolar | Militia |
| 17:20 | Encolar | Villager (Male) |
| 17:20 | Encolar | Villager (Male) |
| 17:25 | Encolar | Militia |
| 17:37 | Construir | Mining Camp |
| 17:51 | Encolar | Villager (Male) |
| 17:52 | Encolar | Militia |
| 17:53 | Encolar | Militia |
| 18:03 | Construir | Lumber Camp |
| 18:24 | Encolar | Militia |
| 18:51 | Encolar | Militia |
| 19:05 | Encolar | Militia |
| 19:07 | Encolar | Militia |
| 19:10 | Encolar | Villager (Male) |
| 19:11 | Encolar | Militia |
| 19:25 | Encolar | Villager (Male) |
| 19:26 | Encolar | Villager (Male) |
| 19:30 | Construir | Mill |
| 19:30 | Construir | Farm |
| 19:31 | Construir | Farm |
| 19:31 | Construir | Farm |
| 19:52 | Construir | House |
| 19:54 | Construir | House |
| 19:55 | Construir | House |
| 20:23 | Construir | Archery Range |
| 20:26 | Construir | Barracks |
| 20:30 | Encolar | Villager (Male) |
| 20:58 | Encolar | Militia |
| 20:58 | Encolar | Militia |
| 21:20 | Encolar | Militia |
| 21:23 | Encolar | Villager (Male) |
| 21:25 | Encolar | Militia |
| 21:35 | Encolar | Militia |
| 21:38 | Encolar | Militia |
| 21:47 | Encolar | Militia |
| 21:56 | Encolar | Militia |
| 21:56 | Encolar | Militia |
| 21:59 | Encolar | Militia |
| 22:00 | Encolar | Militia |
| 22:08 | Encolar | Militia |
| 22:18 | Encolar | Villager (Male) |
| 22:46 | Investigar | Wheelbarrow |
| 22:50 | Encolar | Villager (Male) |
| 23:12 | Construir | House |
| 23:20 | Construir | Barracks |
| 23:24 | Construir | Barracks |
| 23:31 | Construir | Palisade Wall |
| 23:33 | Construir | Palisade Gate |
| 23:38 | Construir | Farm |
| 23:40 | Construir | Farm |
| 23:43 | Construir | Farm |
| 23:46 | Encolar | Militia |
| 23:47 | Encolar | Militia |
| 24:06 | Encolar | Villager (Male) |
| 24:09 | Investigar | Gold Mining |
| 24:17 | Encolar | Militia |
| 24:22 | Investigar | Arson |
| 24:43 | Encolar | Militia |
| 24:43 | Encolar | Militia |
| 24:44 | Encolar | Militia |
| 24:48 | Encolar | Militia |
| 25:02 | Encolar | Militia |
| 25:02 | Encolar | Militia |
| 25:19 | Encolar | Militia |
| 25:19 | Encolar | Militia |
| 25:58 | Encolar | Villager (Male) |
| 26:08 | Construir | Market |
| 26:11 | Construir | Mill |
| 26:13 | Construir | Farm |
| 26:13 | Construir | Farm |
| 26:13 | Construir | Farm |
| 26:24 | Encolar | Militia |
| 26:24 | Encolar | Militia |
Build order — LordPoseidón
131 acciones detectadas en el replay
| 0:02 | Encolar | Villager (Male) ×4 |
| 0:06 | Construir | House |
| 0:09 | Construir | House |
| 1:23 | Investigar | Loom |
| 1:57 | Encolar | Villager (Male) |
| 2:19 | Encolar | Villager (Male) |
| 2:48 | Encolar | Villager (Male) |
| 3:25 | Construir | Mill |
| 3:28 | Encolar | Villager (Male) |
| 3:30 | Encolar | Villager (Male) |
| 3:41 | Construir | House |
| 3:52 | Encolar | Villager (Male) |
| 4:38 | Encolar | Villager (Male) |
| 4:56 | Construir | Mill |
| 4:58 | Encolar | Villager (Male) |
| 5:57 | Encolar | Villager (Male) |
| 5:58 | Encolar | Villager (Male) |
| 6:03 | Construir | House |
| 6:30 | Encolar | Villager (Male) |
| 7:00 | Encolar | Villager (Male) |
| 7:28 | Encolar | Villager (Male) |
| 7:50 | Construir | Barracks |
| 8:23 | Construir | Mining Camp |
| 8:50 | Investigar | Feudal Age |
| 8:50 | Investigar | Feudal Age |
| 8:51 | Investigar | Feudal Age |
| 9:47 | Encolar | Militia |
| 9:47 | Encolar | Militia |
| 9:53 | Construir | Lumber Camp |
| 10:02 | Encolar | Militia |
| 10:23 | Encolar | Militia |
| 11:00 | Edad | Edad Feudal |
| 11:08 | Investigar | Man-at-Arms (upgrade) |
| 11:12 | Encolar | Villager (Male) |
| 11:17 | Construir | Mill |
| 11:38 | Encolar | Militia |
| 11:45 | Construir | House |
| 12:00 | Investigar | Wheelbarrow |
| 12:03 | Construir | House |
| 12:54 | Encolar | Militia |
| 12:58 | Construir | Farm |
| 12:58 | Construir | Farm |
| 13:31 | Construir | House |
| 13:47 | Construir | Blacksmith |
| 13:56 | Construir | House |
| 14:19 | Encolar | Villager (Male) |
| 14:53 | Construir | Watch Tower |
| 14:59 | Construir | Farm |
| 15:00 | Encolar | Villager (Male) |
| 15:07 | Construir | Mining Camp |
| 15:09 | Encolar | Villager (Male) |
| 15:35 | Encolar | Villager (Male) |
| 15:55 | Construir | Watch Tower |
| 16:01 | Construir | Farm |
| 16:02 | Encolar | Villager (Male) |
| 16:25 | Encolar | Villager (Male) |
| 16:28 | Construir | Farm |
| 16:39 | Encolar | Villager (Male) |
| 16:51 | Construir | Farm |
| 17:05 | Construir | Lumber Camp |
| 17:11 | Construir | Farm |
| 17:13 | Encolar | Villager (Male) |
| 17:16 | Construir | Farm |
| 17:40 | Encolar | Villager (Male) |
| 17:54 | Investigar | Scale Mail Armor |
| 18:04 | Construir | Farm |
| 18:25 | Encolar | Militia |
| 19:03 | Encolar | Militia |
| 19:18 | Encolar | Militia |
| 19:30 | Encolar | Militia |
| 19:42 | Construir | Market |
| 20:01 | Encolar | Villager (Male) |
| 20:28 | Construir | Mining Camp |
| 20:31 | Encolar | Militia |
| 20:39 | Encolar | Militia |
| 20:55 | Construir | Watch Tower |
| 21:20 | Encolar | Militia |
| 21:41 | Encolar | Villager (Male) |
| 21:42 | Encolar | Villager (Male) |
| 21:54 | Encolar | Militia |
| 22:14 | Encolar | Militia |
| 22:21 | Encolar | Villager (Male) |
| 22:23 | Construir | Farm |
| 23:04 | Encolar | Militia |
| 23:13 | Construir | Mining Camp |
| 23:16 | Encolar | Militia |
| 23:18 | Encolar | Villager (Male) |
| 23:29 | Construir | Barracks |
| 23:35 | Encolar | Militia |
| 23:38 | Investigar | Forging |
| 23:51 | Encolar | Militia |
| 23:57 | Investigar | Double-Bit Axe |
| 23:58 | Encolar | Villager (Male) |
| 24:06 | Investigar | Arson |
| 24:13 | Encolar | Villager (Male) |
| 24:31 | Encolar | Militia |
| 24:32 | Encolar | Militia |
| 24:38 | Encolar | Militia |
| 24:39 | Encolar | Militia |
| 24:45 | Construir | Farm |
| 24:46 | Investigar | Horse Collar |
| 25:01 | Construir | House |
| 25:19 | Encolar | Militia |
| 25:20 | Encolar | Militia |
| 25:25 | Construir | House |
| 25:28 | Encolar | Villager (Male) |
| 26:01 | Encolar | Militia |
| 26:02 | Encolar | Militia |
| 26:16 | Encolar | Militia |
| 26:26 | Encolar | Militia |
| 26:27 | Encolar | Militia |
| 26:49 | Encolar | Villager (Male) |
| 26:52 | Construir | House |
| 27:05 | Construir | Farm |
| 27:06 | Encolar | Villager (Male) |
| 27:15 | Encolar | Villager (Male) |
| 27:53 | Encolar | Villager (Male) |
| 27:58 | Construir | House |
| 27:59 | Encolar | Villager (Male) |
| 28:27 | Encolar | Militia |
| 28:28 | Encolar | Militia |
| 28:29 | Construir | Farm |
| 28:42 | Encolar | Militia |
| 28:43 | Encolar | Militia |
| 28:47 | Construir | Mining Camp |
| 28:57 | Construir | Farm |
| 29:01 | Construir | Farm |
| 29:22 | Encolar | Militia |
| 29:24 | Encolar | Militia |
| 29:53 | Investigar | Castle Age |
| 29:58 | Encolar | Militia |
Cronología de la partida
| 7:50 | LordPoseidón · first_building Barracks |
| 10:03 | Ares · wall_segment Palisade Wall x1 |
| 10:32 | Ares · wall_segment Palisade Wall x5 |
| 11:00 | LordPoseidón · age_up feudal |
| 11:07 | Ares · first_building Barracks |
| 11:13 | Ares · age_up feudal |
| 11:15 | Ares · wall_segment Palisade Wall x1 |
| 20:23 | Ares · first_building Archery Range |
| 23:31 | Ares · wall_segment Palisade Wall x4 |
| 29:32 | Ares · age_up castle |
| 29:41 | LordPoseidón · first_market_buy 100 food |
| 29:44 | LordPoseidón · first_market_sell 100 stone |
| 30:22 | LordPoseidón · resign |
[ ANÁLISIS IA · 1 CRÉDITO ]
¿Qué pasó realmente en esta partida?
Wolo.gg analiza cada decisión: build order, eco, micro, errores típicos por bracket. Análisis personalizado por WhatsApp o Discord en 30 segundos.
Guía civ
Búlgaros
Perfil
Jugador #17992396